 Dungeon Crawl Stone Soup version 0.25-a0-413-g3b4b6a4ccc (webtiles) character file.

Game seed: 9004616010986711540, levelgen mode: deterministic

106682 Grizz the Peltast (level 15, -2/135 HPs)
             Began as a Minotaur Fighter on Jan 9, 2020.
             Was a High Priest of Trog.
             Slain by a +1 dire flail of protection (18 damage)
             ... on level 2 of the Elven Halls on Jan 16, 2020.
             The game lasted 01:25:53 (26147 turns).

Grizz the Peltast (Minotaur Fighter)               Turns: 26147, Time: 01:25:53

Health: -2/135     AC: 16    Str: 24    XL:     15   Next: 98%
Magic:  4/4        EV: 19    Int:  5    God:    Trog [*****.]
Gold:   2110       SH: 18    Dex: 16    Spells: 14/14 levels left

rFire    . . .     SeeInvis .   L - +3 broad axe (antimagic)
rCold    . . .     Gourm    .   c - +1 shield
rNeg     + . .     Faith    .   b - +0 scale mail
rPois    .         Spirit   .   (helmet restricted)
rElec    +         Reflect  +   e - +2 cloak {+Inv}
rCorr    +         Harm     .   E - +1 pair of gloves "Zullaonor" {MR+}
MR       ++...     Rnd*Rage +   z - +0 pair of boots "Fusaplae" {rN+ rCorr Dex+5 Stlth-}
Stlth    +.........             u - +2 amulet of reflection
HPRegen  0.32/turn              P - ring "Vuskaen" {rElec rCorr Slay+3 Stlth+}
MPRegen  0.09/turn              q - +3 ring of evasion

@: berserk cooldown, slowed, drained, very slow
A: retaliatory headbutt, horns 2, berserk 1, screaming 1, weak 1
a: Berserk, Trog's Hand, Brothers in Arms, Renounce Religion, Evoke Invisibility


You were on level 2 of the Elven Halls.
You worshipped Trog.
Trog was extremely pleased with you.
You were hungry.

You visited 6 branches of the dungeon, and saw 25 of its levels.

You collected 2376 gold pieces.
You spent 266 gold pieces at shops.

Inventory:

Hand Weapons
 A - a +4 war axe of freezing
 I - the +7 dagger "Lufao" {pierce, rElec}
   (You found it on level 11 of the Dungeon)

   It inflicts extra damage upon your enemies.
   It insulates you from electricity.
 J - a +2 rapier of flaming
 L - a +3 antimagic broad axe (weapon)
 W - the +1 short sword of Kindness {pierce, rF++ rC- Str+4}
   (Trog gifted it to you on level 12 of the Dungeon)

   It inflicts extra damage upon your enemies.
   It affects your strength (+4).
   It greatly protects you from fire.
   It makes you vulnerable to cold.
 X - a +3 rapier of piercing
Armour
 a - a +2 pair of gloves of strength
 b - a +0 scale mail (worn)
 c - a +1 shield (worn)
 e - a +2 cloak of invisibility (worn)
 z - the +0 pair of boots "Fusaplae" (worn) {rN+ rCorr Dex+5 Stlth-}
   (You found it on level 9 of the Dungeon)

   It affects your dexterity (+5).
   It protects you from negative energy.
   It provides partial protection from all sources of acid and corrosion.
   It makes you less stealthy.
 E - the +1 pair of gloves "Zullaonor" (worn) {MR+}
   (You found it on level 1 of the Lair of Beasts)

   It affects your resistance to hostile enchantments.
Jewellery
 o - an uncursed amulet of faith
 p - an uncursed ring of flight
 q - a +3 ring of evasion (right hand)
 u - a +2 amulet of reflection (around neck)
 w - an uncursed ring of see invisible
 P - the ring "Vuskaen" (left hand) {rElec rCorr Slay+3 Stlth+}
   (You acquired it on level 2 of the Lair of Beasts)

   [ring of resist corrosion]

   It affects your accuracy and damage with ranged weapons and melee attacks
   (+3).
   It insulates you from electricity.
   It provides partial protection from all sources of acid and corrosion.
   It makes you more stealthy.
Wands
 d - a wand of digging (4)
 h - a wand of random effects (42)
 r - a wand of iceblast (14)
 s - a wand of acid (25)
 D - a wand of enslavement (15)
 F - a wand of paralysis (10)
 T - a wand of polymorph (4)
 U - a wand of flame (14)
 V - a wand of disintegration (9)
Scrolls
 i - 14 scrolls of remove curse
 m - a scroll of fog
 n - 4 scrolls of holy word
 x - 2 scrolls of magic mapping
 y - 2 scrolls of acquirement
 B - a scroll of silence
 G - 3 scrolls of teleportation
 M - 2 scrolls of enchant armour
 Q - 8 scrolls of identify
 R - 5 scrolls of enchant weapon
Potions
 g - 4 potions of flight
 j - a potion of ambrosia
 k - 3 potions of curing
 l - 4 potions of haste
 t - 7 potions of lignification
 v - a potion of resistance
 C - 2 potions of agility
 H - a potion of invisibility
 N - 2 potions of might
 O - 4 potions of brilliance
Miscellaneous
 S - a box of beasts
 Y - a phial of floods
Comestibles
 f - 29 rations


   Skills:
 + Level 13.1(12.1) Fighting
 + Level 9.3(8.4) Short Blades
 + Level 17.5(16.5) Axes
 + Level 12.3(11.3) Armour
 + Level 9.9(9.0) Dodging
 + Level 3.3(2.6) Stealth
 + Level 17.5(16.5) Shields
 + Level 0.4(0.0) Unarmed Combat
 + Level 0.7(0.0) Evocations


You had 14 spell levels left.
You didn't know any spells.
Your spell library was empty.

Dungeon Overview and Level Annotations

Branches:
Dungeon (12/15)            Temple (1/1) D:7            Lair (6/6) D:8
 Shoals (0/4) Lair:2        Snake (0/4) Lair:2        Slime (1/5) Lair:5
    Orc (2/2) D:12            Elf (3/3) Orc:2

Altars:
Ashenzari
Cheibriados
Dithmenos
Elyvilon
Fedhas
Gozag
Hepliaklqana
Kikubaaqudgha
Makhleb
Nemelex Xobeh
Okawaru
Qazlal
Ru
Sif Muna
Trog
Uskayaw
Vehumet
Wu Jian
Xom
Yredelemnul
Zin
The Shining One
Jiyva

Shops:
D:7 (   D:9 ?   D:11 (   Orc:2 *?!=

Portals:
Trove: D:11 (give horn of Geryon)

Annotations:
Lair:6 3 runed translucent doors, Borgoz's ghost, adept GrGl
Elf:1 2 transporters, Bek Naqu's ghost, adept SpEn
Elf:3 Shadow153's ghost, adept MiBe


Innate Abilities, Weirdness & Mutations

You reflexively headbutt those who attack you in melee.
You have a pair of horns on your head.
You tend to lose your temper in combat.
You occasionally shout uncontrollably at your foes.
You are weak. (Str -2)


Message History

a cursed -2 scimitar; 4 boomerangs; a +0 plate armour The +1 dire flail of protection completely misses you.
You furiously retaliate!
You headbutt the +1 dire flail of protection, but do no damage.
The demonic crawler is lost in a daze.
You block the +1 dire flail of protection's attack.
The deep elf mage casts a spell at you.
The bolt of negative energy misses the +1 dire flail of protection.
The bolt of negative energy misses you.
The deep elf mage casts a spell.
The deep elf mage blinks!
The +1 dire flail of protection barely misses you.
The +1 dire flail of protection hits you!!
* * * LOW HITPOINT WARNING * * *
You block the deep elf mage's attack.
You feel better.
The +1 dire flail of protection hits you!
* * * LOW HITPOINT WARNING * * *
The +1 dire flail of protection hits you!!
You die...

#......[[.##
##.......#'##
+#[[...###.## ###+###
##.## ##.## ##.#######
# ##'##...### ##'
###(......## ....
#..@e.?.....# ...5.
#s(.........#
#.....#####......⌠....#
#...e3s)).s..)⌠.......#
##(..######......⌠...>#
#. #...........#
#........?.)#
###.......## ###...###


You could see 2 demonic crawlers, a deep elf mage and a +1 dire flail of
protection.

Vanquished Creatures
  2 acid blobs (Slime:1)
  Kirke (D:12)
  An azure jelly (Slime:1)
  An orc warlord (D:12)
  A deep elf sorcerer (Elf:1)
  Snorg (D:12)
  Fannar (D:10)
  The ghost of LostGamesStreakFreak the Spear-Bearer, a journeyman MfMo of Makhleb (Lair:1)
  5 hydras
  Harold (D:9)
  A merfolk avatar (Lair:6)
  10 dancing weapons
  Erica (D:8)
  6 orc high priests
  7 deep elf knights
  Sonja (D:12)
  A fire crab (Lair:6)
  3 unseen horrors
  2 sea snakes (Lair:6)
  2 deep elf archers (Elf:1)
  2 harpies (Lair:6)
  3 ugly things (D:11)
  A shining eye (Slime:1)
  48 deep elf magi
  3 oklob plants
  2 orc sorcerers (Orc:1)
  A cyclops (D:11)
  9 elephants
  A moth of wrath (Lair:1)
  A guardian serpent (shapeshifter) (Elf:2)
  Maurice (D:8)
  2 torpor snails
  3 black mambas (Lair:5)
  14 spiny frogs
  3 centaur skeletons
  A kobold demonologist (D:12)
  8 komodo dragons
  6 rime drakes
  4 trolls
  A wind drake (Lair:6)
  4 polar bears (Lair:6)
  4 hornets
  8 slime creatures
  Grinder (D:3)
  A snapping turtle (Lair:2)
  2 dream sheep (D:10)
  18 blink frogs
  7 hippogriffs
  An air elemental (Elf:1)
  2 water elementals
  38 yaks
  A shadow (D:12)
  7 wyverns
  3 basilisks
  2 fire elementals
  4 golden eyes (Slime:1)
  3 hogs (D:12)
  Grum (D:8)
  2 hungry ghosts (D:11)
  Menkaure (D:5)
  7 water moccasins
  3 wargs
  An acid dragon (D:12)
  13 porcupines
  2 ice beasts
  Duvessa (D:7)
  3 black bears
  26 orc warriors
  11 ogres
  7 sky beasts
  A hornet zombie (D:12)
  10 wolves
  2 phantoms
  A necrophage (D:8)
  5 centaurs
  12 crocodiles
  21 bullfrogs
  5 big kobolds
  3 earth elementals (Elf:1)
  Dowan (D:7)
  3 scorpions
  15 wights
  2 howler monkeys
  2 electric eels (D:10)
  4 crimson imps
  5 bullfrog zombies
  4 hounds
  2 quasits
  2 jellies
  26 orc wizards
  23 orc priests
  3 iguanas
  Jessica (D:3)
  7 worker ants
  A hound zombie (D:11)
  2 hound skeletons
  3 gnolls (D:10)
  23 adders
  2 shadow imps (D:8)
  An adder skeleton (D:6)
  A worm (D:3)
  A dart slug (D:1)
  3 leopard geckos (D:6)
  73 orcs
  7 bats
  2 giant cockroaches
  7 goblins
  4 hobgoblins
  4 jackals
  3 quokkas
  A ball python skeleton (D:5)
  A frilled lizard (D:4)
  A jackal zombie (D:8)
  11 kobolds
  A leopard gecko zombie (D:7)
  A quokka skeleton (D:7)
  8 rats
  38 fungi
  34 plants
740 creatures vanquished.

Vanquished Creatures (others)
  A deep elf archer (Elf:2)
  2 humans (D:12)
  A centaur (D:10)
  An iguana (D:8)
  2 orcs
  A kobold (D:9)
  47 fungi
  46 plants
101 creatures vanquished.

Grand Total: 841 creatures vanquished

Notes
Turn   | Place    | Note
-------+----------+-------------------------------------------
     0 | D:1      | Grizz the Minotaur Fighter began the quest for the Orb.
     0 | D:1      | Reached XP level 1. HP: 19/19 MP: 0/0
    85 | D:1      | Reached XP level 2. HP: 27/27 MP: 1/1
   698 | D:2      | Reached XP level 3. HP: 31/33 MP: 2/2
  1064 | D:3      | Reached skill level 5 in Shields
  1064 | D:3      | Reached XP level 4. HP: 41/41 MP: 3/3
  1217 | D:3      | Noticed Grinder
  1241 | D:3      | Paralysed by Grinder for 2 turns
  1244 | D:3      | Killed Grinder
  1244 | D:3      | Reached skill level 1 in Short Blades
  1244 | D:3      | Reached skill level 1 in Dodging
  1244 | D:3      | Reached XP level 5. HP: 15/47 MP: 4/4
  1244 | D:3      | Reached XP level 6. HP: 18/55 MP: 5/5
  1698 | D:3      | Found a sparkling altar of Nemelex Xobeh.
  1698 | D:3      | Noticed Jessica
  1711 | D:3      | Killed Jessica
  2143 | D:4      | Reached skill level 5 in Fighting
  2308 | D:4      | Reached skill level 5 in Armour
  2308 | D:4      | Reached XP level 7. HP: 45/61 MP: 6/6
  3058 | D:5      | Entered Level 5 of the Dungeon
  3194 | D:5      | Noticed Menkaure
  3201 | D:5      | Killed Menkaure
  3796 | D:6      | Reached XP level 8. HP: 66/69 MP: 7/7
  3851 | D:6      | Reached skill level 1 in Stealth
  4362 | D:6      | Reached skill level 5 in Short Blades
  4719 | D:6      | Found a bloodstained altar of Trog.
  4837 | D:6      | Became a worshipper of Trog the Wrathful
  5024 | D:7      | Noticed Duvessa
  5024 | D:7      | Noticed Dowan
  5026 | D:7      | Found a hazy altar of Hepliaklqana.
  5052 | D:7      | Killed Dowan
  5057 | D:7      | Killed Duvessa
  5057 | D:7      | Reached XP level 9. HP: 68/75 MP: 8/8
  5715 | D:7      | Found a staircase to the Ecumenical Temple.
  5728 | D:7      | Found Ygedyrgh's Weapon Shoppe.
  5746 | Temple   | Entered the Ecumenical Temple
  6009 | D:7      | Reached * piety under Trog
  6535 | D:8      | Noticed Maurice
  6589 | D:8      | Noticed Erica
  6596 | D:8      | Reached skill level 10 in Shields
  6606 | D:8      | Killed Erica
  6606 | D:8      | Reached skill level 5 in Dodging
  6611 | D:8      | Killed Maurice
  6611 | D:8      | Reached XP level 10. HP: 7/84 MP: 9/9
  6721 | D:8      | Noticed Grum
  6921 | D:7      | Identified a scroll of acquirement
  7047 | D:8      | Reached skill level 5 in Axes
  7051 | D:8      | Reached ** piety under Trog
  7060 | D:8      | Killed Grum
  7463 | D:8      | Found a staircase to the Lair.
  8071 | D:9      | Found Cukhles's Magic Scroll Boutique.
  8205 | D:9      | Noticed Harold
  8212 | D:9      | Killed Harold
  8356 | D:9      | Bought a scroll of noise for 14 gold pieces
  8356 | D:9      | Bought a scroll of random uselessness for 14 gold pieces
  8356 | D:9      | Bought a scroll of silence for 105 gold pieces
  8356 | D:9      | Bought a scroll of identify for 28 gold pieces
  8356 | D:9      | Bought a scroll of vulnerability for 105 gold pieces
  8488 | D:9      | Got a pair of encrusted boots
  8493 | D:9      | Identified the +0 pair of boots "Fusaplae" {rN+ rCorr Dex+5
                  | Stlth-} (You found it on level 9 of the Dungeon)
  8502 | D:10     | Entered Level 10 of the Dungeon
  8529 | D:9      | Reached XP level 11. HP: 69/93 MP: 10/10
  8681 | D:10     | Reached *** piety under Trog
  8946 | D:10     | Noticed Fannar
  8970 | D:10     | Killed Fannar
  9226 | D:10     | Reached skill level 10 in Axes
  9274 | D:10     | Noticed a three-headed hydra
  9281 | D:10     | Killed a seven-headed hydra
  9337 | D:10     | Killed an unseen horror
  9802 | D:11     | Found a shattered altar of Ashenzari.
  9972 | D:11     | Noticed a purple ugly thing
  9986 | D:11     | Killed a purple ugly thing
  9987 | D:11     | Reached **** piety under Trog
 10020 | D:11     | Found Dywer's Antique Weapon Emporium.
 10049 | D:11     | Noticed a seven-headed hydra
 10070 | D:11     | Killed a 13-headed hydra
 10072 | D:11     | Reached XP level 12. HP: 87/104 MP: 11/11
 10593 | D:11     | Found a portal to a secret trove of treasure.
 10750 | D:11     | Got a transparent dagger
 10750 | D:11     | Identified the +7 dagger "Lufao" {pierce, rElec} (You found
                  | it on level 11 of the Dungeon)
 10962 | Lair:1   | Entered Level 1 of the Lair of Beasts
 11377 | Lair:1   | Reached skill level 10 in Armour
 11411 | Lair:1   | Found a transporter.
 11435 | Lair:1   | Noticed LostGamesStreakFreak's ghost (journeyman MfMo)
 11450 | Lair:1   | Found a transporter.
 11699 | Lair:1   | Upgraded the game from 0.25-a0-403-g49d089a364 to
                  | 0.25-a0-413-g3b4b6a4ccc
 12092 | Lair:1   | Killed LostGamesStreakFreak's ghost
 12103 | Lair:1   | Got a pair of dazzling gloves
 12113 | Lair:1   | Identified the +1 pair of gloves "Zullaonor" {MR+} (You
                  | found it on level 1 of the Lair of Beasts)
 12482 | Lair:2   | Found a staircase to the Snake Pit.
 12929 | Lair:2   | Found a staircase to the Shoals.
 13316 | Lair:2   | Identified the ring "Vuskaen" {rElec rCorr Slay+3 Stlth+}
                  | (You acquired it on level 2 of the Lair of Beasts)
 13506 | D:11     | Noticed an eight-headed hydra
 13511 | D:11     | Killed an eight-headed hydra
 13592 | D:12     | Reached ***** piety under Trog
 13592 | D:12     | Received a gift from Trog
 13595 | D:12     | Got a pitted short sword {god gift}
 13604 | D:12     | Identified the +1 short sword of Kindness {pierce, rF++ rC-
                  | Str+4} (Trog gifted it to you on level 12 of the Dungeon)
 13683 | D:12     | Reached XP level 13. HP: 111/113 MP: 12/12
 14263 | Lair:3   | Reached skill level 10 in Fighting
 15126 | Lair:4   | Reached skill level 15 in Shields
 15369 | Lair:5   | Received a gift from Trog
 16242 | Lair:5   | Found a staircase to the Slime Pits.
 16243 | Lair:5   | Found a viscous altar of Jiyva.
 16368 | Lair:5   | Found a shadowy altar of Dithmenos.
 16704 | Lair:6   | Entered Level 6 of the Lair of Beasts
 16915 | Lair:6   | Reached XP level 14. HP: 98/122 MP: 4/13
 17065 | Lair:6   | Paralysed by a hornet for 3 turns
 17304 | Lair:6   | Found a runed translucent gate.
 17304 | Lair:6   | Noticed Borgoz's ghost (adept GrGl)
 17305 | Lair:6   | Found a runed translucent gate.
 17306 | Lair:6   | Found a runed translucent gate.
 17330 | Lair:6   | Received a gift from Trog
 17351 | Lair:6   | Found the +3 Elemental Staff {rElec rF++ rC++ MR++ AC+5}
 17360 | Lair:6   | Found the +10 dark maul {crush}
 18011 | Slime:1  | Entered Level 1 of the Pits of Slime
 18021 | Slime:1  | Gained mutation: You are weak. (Str -2) [a shining eye]
 18026 | Slime:1  | Gained mutation: You tend to lose your temper in combat. [a
                  | shining eye]
 18034 | Slime:1  | Gained mutation: You occasionally shout uncontrollably at
                  | your foes. [a shining eye]
 18040 | Slime:1  | Noticed an acid blob
 18055 | Slime:1  | Killed an acid blob
 18635 | Slime:1  | Noticed an azure jelly
 18649 | Slime:1  | Killed an azure jelly
 18962 | Slime:1  | Noticed an acid blob
 18967 | Slime:1  | Killed an acid blob
 19595 | D:12     | Noticed Snorg
 19607 | D:12     | Killed Snorg
 19627 | D:12     | Noticed Kirke
 19651 | D:12     | Killed Kirke
 19688 | D:12     | Noticed Sonja
 19697 | D:12     | Killed Sonja
 19697 | D:12     | Reached skill level 15 in Axes
 19821 | D:12     | Found an ancient bone altar of Kikubaaqudgha.
 19959 | D:12     | Found a staircase to the Orcish Mines.
 20054 | Orc:1    | Entered Level 1 of the Orcish Mines
 20058 | Orc:1    | Noticed an orc warlord
 20214 | D:12     | Received a gift from Trog
 20223 | D:12     | Killed an orc warlord
 20732 | Orc:1    | Found an iron altar of Okawaru.
 21083 | Orc:2    | Entered Level 2 of the Orcish Mines
 21109 | Orc:2    | Found a staircase to the Elven Halls.
 21968 | Orc:2    | Received a gift from Trog
 22492 | Orc:2    | Found Gon Daqemm's Magic Scroll Emporium.
 22492 | Orc:2    | Found Danarph's Jewellery Shoppe.
 22493 | Orc:2    | Found Muutwirph's Distillery.
 22499 | Orc:2    | Found Eshrax's Assorted Antiques.
 22660 | Elf:1    | Entered Level 1 of the Elven Halls
 22671 | Elf:1    | Reached XP level 15. HP: 132/132 MP: 4/14
 23094 | Elf:1    | Found a transporter.
 23097 | Elf:1    | Noticed a storm dragon
 23375 | Elf:1    | Received a gift from Trog
 24005 | Elf:1    | Noticed a deep elf sorcerer
 24015 | Elf:1    | Killed a deep elf sorcerer
 24527 | Elf:1    | Found a transporter.
 24533 | Elf:1    | Noticed Bek Naqu's ghost (adept SpEn)
 24534 | Elf:1    | Noticed a quicksilver dragon
 24896 | Elf:1    | Received a gift from Trog
 25343 | Elf:3    | Entered Level 3 of the Elven Halls
 25347 | Elf:3    | Found the +10 large shield of Ignorance {rN+ Int-4}
 25962 | Elf:3    | Noticed Shadow153's ghost (adept MiBe)
 26147 | Elf:2    | Slain by a +1 dire flail of protection

Levels and vault maps discovered:
D:1:      erik_arrival_blinker_ship, layout_basic, serial_bayou_lagoon_a
D:2:      layout_rooms
D:3:      layout_basic, nemelex_lonely_heart_becter, uniq_grinder
D:4:      layout_loops_ring, kennysheep_boxes
D:5:      layout_rooms, first_ration, uniq_menkaure
D:6:      layout_loops_corners, trog_ov_bears_minmay
D:7:      layout_rooms, kennysheep_mini, minmay_temple_entry_mist,
          serial_co_window_serial, co_window_cross_1,
          co_window_of_opportunity_a, co_window_corner_a, co_window_paths_b,
          co_window_paths_b, co_window_unsneaky_path_c, co_window_corner_b,
          co_window_broadway_c, co_window_cross_4, co_window_of_opportunity_c,
          co_window_broadway_a, co_window_4corner_a, co_window_paths_e,
          glass_columns_b, glass_columns_c, glass_columns_a, glass_columns_b,
          serial_shops, shop, uniq_duvessa
D:8:      layout_cave_pools, due_lair_maze_entry_diamond, uniq_maurice,
          uniq_grum, uniq_erica
D:9:      layout_rooms, serial_shops, nicolae_shop_waterfront, uniq_harold
D:10:     layout_loops_ring, hangedman_ranch [blue_anna_fruit_fields],
          hive_lemuel, uniq_fannar
D:11:     minmay_inside_and_out, layout_long_grid,
          nicolae_trove_entry_crossroad, serial_shops, shop_statue,
          minmay_fountain_box, minmay_misc_feat_secret_circle, ashenzari_altar_1
D:12:     layout_rooms, basic_altar, uniq_sonja, uniq_kirke, uniq_snorg
Temple:   regret_index_temple_chain_breaker
Lair:1:   layout_chaotic_city, gammafunk_ghost_berserking_beasts,
          minmay_lair_oklob_chamber, grunt_megastairs_4,
          infiniplex_staircase_pool_2
Lair:2:   layout_loops_ring, minmay_shoals_entry_hut, dummy_snake_entry,
          cheibrodos_lair_caveside_slide
Lair:3:   layout_hall_layers, beast_lair_carwin_2, grunt_megastairs_5
Lair:4:   minmay_lair_venomous_thicket, layout_regular_city
Lair:5:   layout_misc_corridors, slime_altar_1, basic_altar,
          gauntlet_entry_generic, grunt_megastairs_1
Lair:6:   gammafunk_lair_ancient_temple, layout_long_grid,
          gammafunk_ghost_hydra_chop, st_stairs_9
Slime:1:  layout_caves
Orc:1:    layout_caves, okawaru_metal_pillars_1_2
Orc:2:    st_orc_mages, layout_caves
Elf:1:    eino_elf_arrival_the_gate, layout_loops_corners,
          gammafunk_ghost_berserking_beasts, minmay_elf_sorcery
Elf:2:    layout_geoelf_octagon
Elf:3:    minmay_elf_hall_statues, layout_geoelf_octagon, gammafunk_ghost_split,
          minmay_elf_demonology

Skill      XL: |  1  2  3  4  5  6  7  8  9 10 11 12 13 14 15 |
---------------+----------------------------------------------+-----
Fighting       | 4 5 6 7 9 10 12 13 | 13.1
Shields        | 4 5 6 7 8 10 11 12 14 15 16 17 | 17.5
Armour         | 4 5 7 8 9 10 11 12 | 12.3
Short Blades   | 1 3 4 5 6 7 9 |  9.3
Axes           | 3 4 8 11 12 13 15 17 | 17.5
Dodging        | 1 2 3 4 5 6 7 8 9 |  9.9
Stealth        | 1 2 3 |  3.3
Unarmed Combat | |  0.4
Evocations     | |  0.7

Action                   |  1- 3 |  4- 6 |  7- 9 | 10-12 | 13-15 || total
-------------------------+-------+-------+-------+-------+-------++-------
Melee: Dagger            |   100 |   107 |   442 |   311 |       ||   960
       War axe           |     3 |       |    40 |   489 |   146 ||   678
       Headbutt          |    21 |    22 |    98 |   263 |   282 ||   686
       Unarmed           |       |       |    14 |       |       ||    14
       Short sword       |       |       |       |    48 |   198 ||   246
       Broad axe         |       |       |       |       |   675 ||   675
Invok: Berserk           |       |       |     1 |     4 |     8 ||    13
 Abil: Evoke Invisibilit |       |       |       |     1 |       ||     1
  Use: Scroll            |     3 |     5 |     3 |    16 |     5 ||    32
       Potion            |       |       |     3 |     5 |    12 ||    20
 Stab: Held in net/web   |       |       |       |     1 |       ||     1
       Invisible         |       |       |       |     1 |       ||     1
       Sleeping          |       |       |       |       |     1 ||     1
  Eat: Chunk             |     1 |     4 |    10 |    15 |    28 ||    58
       Ration            |       |       |     1 |     4 |     6 ||    11
Armor: Scale mail        |    37 |    12 |   106 |   145 |   216 ||   516
Dodge: Dodged            |    32 |    24 |   153 |   303 |   490 ||  1002
Block: Shield            |    44 |    43 |   252 |   556 |   889 ||  1784
       Reflection        |       |     1 |     6 |    23 |    33 ||    63

Table legend:
 A = Non-vault XP
 B = Vault XP
 C = Vault XP percentage of total XP
 D = Non-vault monster count
 E = Vault monster count
 F = Vault count percentage of total count
                 A         B        C        D         E       F
            +---------+---------+-------+---------+---------+-------
      Total |   97126 |   55278 |  36.3 |     492 |     181 |  26.9
            +---------+---------+-------+---------+---------+-------
        D:1 |      28 |       0 |   0.0 |      16 |       0 |   0.0
        D:2 |      59 |       0 |   0.0 |      17 |       0 |   0.0
        D:3 |      84 |     314 |  78.9 |      12 |       2 |  14.3
        D:4 |     435 |       0 |   0.0 |      19 |       0 |   0.0
        D:5 |     204 |     172 |  45.7 |       8 |       1 |  11.1
        D:6 |    1074 |     259 |  19.4 |      23 |       2 |   8.0
        D:7 |    1170 |     210 |  15.2 |      31 |       2 |   6.1
        D:8 |    1195 |    2734 |  69.6 |      30 |      17 |  36.2
        D:9 |    2363 |     965 |  29.0 |      26 |       1 |   3.7
       D:10 |    2981 |    3250 |  52.2 |      22 |       9 |  29.0
       D:11 |    5518 |    3279 |  37.3 |      35 |      12 |  25.5
       D:12 |    6437 |    4235 |  39.7 |      32 |       6 |  15.8
     Lair:1 |    1903 |    5538 |  74.4 |      12 |      16 |  57.1
     Lair:2 |    3074 |     274 |   8.2 |      13 |       1 |   7.1
     Lair:3 |    5473 |    2483 |  31.2 |      22 |      10 |  31.2
     Lair:4 |    7217 |    1066 |  12.9 |      25 |       9 |  26.5
     Lair:5 |    3808 |    2514 |  39.8 |      15 |       8 |  34.8
     Lair:6 |    2442 |   12466 |  83.6 |      12 |      31 |  72.1
    Slime:1 |    8917 |       0 |   0.0 |      11 |       0 |   0.0
      Orc:1 |    2129 |    1698 |  44.4 |      34 |       7 |  17.1
      Orc:2 |     495 |    4093 |  89.2 |       2 |      32 |  94.1
      Elf:1 |   27793 |    9728 |  25.9 |      47 |      15 |  24.2
      Elf:2 |   10278 |       0 |   0.0 |      24 |       0 |   0.0
      Elf:3 |    2049 |       0 |   0.0 |       4 |       0 |   0.0
            +---------+---------+-------+---------+---------+-------
